 Dungeon Crawl Stone Soup version 0.27-a0-492-ga4bb394fd4 (webtiles) character file.

Game seed: 10814971187693059931

64 Gaff the Sneak (level 4, -1/27 HPs)
             Began as a Kobold Brigand on Mar 2, 2021.
             Slain by a hobgoblin
             ... wielding a +0 club
              (2 damage)
             ... on level 2 of the Dungeon.
             The game lasted 00:03:52 (1794 turns).

Gaff the Sneak (Kobold Brigand)                     Turns: 1794, Time: 00:03:53

Health: -1/27      AC:  4    Str:  8    XL:     4   Next: 32%
Magic:  4/4        EV: 14    Int: 12    God:
Gold:   82         SH:  0    Dex: 17    Spells: 3/3 levels left

rFire    . . .     SeeInvis .   a - +2 dagger
rCold    . . .     Faith    .   (shield restricted)
rNeg     . . .     Spirit   .   l - +0 leather armour
rPois    .         Reflect  .   (helmet restricted)
rElec    .         Harm     .   c - +0 cloak
rCorr    .         Rampage  .   (no gloves)
Will     .....                  (no boots)
Stlth    ++++......             (no amulet)
HPRegen  0.09/turn              (no ring)
MPRegen  0.09/turn              (no ring)

@: no status effects
A: small, antennae 1, nightstalker 3, screaming 1
a: no special abilities


You were on level 2 of the Dungeon.
You visited 1 branch of the dungeon, and saw 2 of its levels.

You collected 82 gold pieces.

Inventory:

Hand Weapons
 a - a +2 dagger (weapon)
 j - a +0 short sword
Missiles
 d - 34 poisoned darts (quivered)
 e - 2 curare-tipped darts
Armour
 b - a +0 robe
 c - a +0 cloak (worn)
 l - a +0 leather armour (worn)
Scrolls
 f - 3 scrolls of identify {unknown}
 g - a scroll of random uselessness {unknown}
 k - a scroll of teleportation {unknown}
Potions
 i - a potion of heal wounds {unknown}


   Skills:
 + Level 2.8 Fighting
 + Level 3.4 Short Blades
 - Level 2.1 Throwing
 + Level 1.0 Armour
 + Level 2.2 Dodging
 + Level 6.0 Stealth


You had 3 spell levels left.
You didn't know any spells.
Your spell library was empty.

Dungeon Overview and Level Annotations

Branches:
Dungeon (2/15)

Altars:


Innate Abilities, Weirdness & Mutations

You are small and have problems with some larger weapons.
You are completely attuned to the shadows.
You have a pair of small antennae on your head.
You occasionally shout uncontrollably at your foes.


Message History

The rat closely misses you. The hobgoblin hits you with a +0 club.
You closely miss the quokka.
The quokka is severely wounded.
The quokka bites you but does no damage.
The rat bites you.
* * * LOW HITPOINT WARNING * * *
You miss the quokka.
The quokka is severely wounded.
The quokka closely misses you. The hobgoblin barely misses you.
The rat barely misses you. The quokka closely misses you.
You closely miss the quokka.
The quokka is heavily wounded.
The hobgoblin closely misses you. The rat closely misses you.
The rat closely misses you. The quokka misses you.
The quokka closely misses you. The quokka bites you.
* * * LOW HITPOINT WARNING * * *
The quokka bites you but does no damage.
You hit the quokka but do no damage.
The quokka is heavily wounded.
The quokka barely misses you.
It was a potion of mutation.
You feel extremely strange.
You feel the urge to shout. A pair of antennae grows on your head!
The quokka misses you.
You barely miss the quokka.
The quokka is heavily wounded.
The quokka bites you but does no damage.
You hit the quokka.
The quokka is severely wounded.
The quokka closely misses you.
You hit the quokka.
You kill the quokka!
The hobgoblin hits you with a +0 club.
* * * LOW HITPOINT WARNING * * *
You hit the rat.
You kill the rat!
The hobgoblin hits you but does no damage.
Your Stealth skill increases to level 6!
You closely miss the hobgoblin. The hobgoblin hits you with a +0 club.
You die...

####...#... ......'...###..
#......#.. .....##..)..#..
#......# .....'......#..
#......# ....####÷..#.(
#.....###....#.......#.........
#.....# #....#...........#.....
#.....###....#...........#...##
###.....#....#...........#.....
#......r...#@†.........#.....
#...[......†g..........#.....
#............................
###..........................
#...........#..............
#...........#..............
#...........#..............
#...........#..............
########....######.........


You could see a hobgoblin.

Vanquished Creatures
  An adder (D:2)
  2 oozes
  2 worms (D:2)
  A dart slug (D:2)
  3 giant cockroaches
  4 hobgoblins
  8 jackals (D:1)
  A quokka (D:2)
  A ball python (D:1)
  3 bats
  2 frilled lizards
  4 goblins
  2 kobolds (D:1)
  3 rats
37 creatures vanquished.

Notes
Turn   | Place    | Note
-------+----------+-------------------------------------------
     0 | D:1      | Gaff the Kobold Brigand began the quest for the Orb.
     0 | D:1      | Reached XP level 1. HP: 12/12 MP: 1/1
   225 | D:1      | Reached XP level 2. HP: 9/17 MP: 2/2
   425 | D:1      | You fall into a shaft and drop 1 floor!
   438 | D:2      | Reached XP level 3. HP: 19/22 MP: 3/3
  1259 | D:2      | Reached XP level 4. HP: 27/27 MP: 4/4
  1364 | D:2      | Reached skill level 1 in Armour
  1789 | D:2      | Gained mutation: You occasionally shout uncontrollably at
                  | your foes. [potion of mutation]
  1789 | D:2      | Gained mutation: You have a pair of small antennae on your
                  | head. [potion of mutation]
  1792 | D:2      | HP: 1/27 [hobgoblin/+0 club (5)]
  1794 | D:2      | Reached skill level 6 in Stealth
  1794 | D:2      | Slain by a hobgoblin

Illustrated notes

Levels and vault maps discovered:
D:1:      matt_arrival_spirals, layout_loops_ring, due_unseen_surprise
D:2:      layout_basic, minivault_23

Skill      XL: |  1  2  3  4 |
---------------+-------------+-----
Short Blades   | 3 |  3.4
Dodging        | 2 |  2.2
Armour         | 1 |  1.0
Stealth        | 6 |  6.0
Fighting       | |  2.8
Throwing       | |  2.1

Action                   |  1- 3 |  4- 6 || total
-------------------------+-------+-------++-------
Melee: Dagger            |    71 |    57 ||   128
  Use: Potion            |       |     1 ||     1
 Stab: Sleeping          |    17 |     3 ||    20
Armor: Robe              |    15 |     2 ||    17
       Leather armour    |       |     7 ||     7
Dodge: Dodged            |    52 |    37 ||    89

Table legend: (Time is in decaauts)
 A = Elapsed time spent in this place.
 B = Non-inter-level travel time spent in this place.
 C = Inter-level travel time spent in this place.
 D = Time resting spent in this place.
 E = Time spent auto-exploring this place.
 F = Levels seen in this place.
 G = Mean time per level.
                   A        B        C        D        E       F      G
               +--------+--------+--------+--------+--------+-----+--------+
         Total |   1773 |   1752 |     21 |    355 |   1059 |   2 |  886.5 |
       Dungeon |   1773 |   1752 |     21 |    355 |   1059 |   2 |  886.5 |
               +--------+--------+--------+--------+--------+-----+--------+

Top non-repeatable levels by time:
     D:1: 1062 daAuts
     D:2: 711 daAuts
